[Event "Late-Titled-Tuesday-Blitz-June-18-2024"]
[Site "Chess.com"]
[Date "2024.06.18"]
[Round "1"]
[White "KHBR4"]
[Black "Tsukasa06"]
[Result "1-0"]
[WhiteElo "2659"]
[BlackElo "2357"]
[TimeControl "180+1"]
[EndTime "14:07:04 PDT"]
[Termination "KHBR4 won on time"]

1. g3 Nf6 2. Bg2 g6 3. b3 Bg7 4. Bb2 O-O 5. Nf3 d5 6. O-O c5 7. c4 Nc6 8. cxd5 Nxd5 9. Bxg7 Kxg7 10. Qc1 b6 11. Nc3 Bb7 12. d3 Rc8 13. a3 Qd7 14. h4 Rfd8 15. Ne4 Nd4 16. Qb2 Nf6 17. Nxf6 exf6 18. Nxd4 Bxg2 19. Kxg2 Qxd4 20. Rab1 Rd6 21. Rfc1 Re8 22. Qxd4 Rxd4 23. Kf3 Re7 24. Rc4 Red7 25.
Rbc1 f5 26. Rxd4 Rxd4 27. Rc4 Kf6 28. Rxd4 cxd4 29. e3 Ke5 30. Ke2 h5 31. f4+ Kd5 32.
Kf3 dxe3 33. Kxe3 a5 34. a4 Kc6 35. d4 Kd5 36. Kd3 Kd6 37. Kc4 Kc6 38. b4 axb4 39. Kxb4 1-0

[Event "Late-Titled-Tuesday-Blitz-June-18-2024"]
[Site "Chess.com"]
[Date "2024.06.18"]
[Round "1"]
[White "soloderisas"]
[Black "Smiechu"]
[Result "1-0"]
[WhiteElo "2638"]
[BlackElo "2325"]
[TimeControl "180+1"]
[EndTime "14:07:04 PDT"]
[Termination "soloderisas won by resignation"]

1. d4 Nf6 2. Nf3 c5 3. c3 g6 4. Bf4 Bg7 5. e3 O-O 6. Be2 d6 7. h3 b6 8. O-O Bb7 9. Nbd2 Nbd7 10. a4 a6 11. Qb3 Ne4 12. Nxe4 Bxe4 13. Ng5 Bb7 14.
Bc4 Qe8 15. d5 h6 16. Nf3 Nf6 17. Rfe1 Qd8 18. e4 Rb8 19. e5 Ne8 20. Rad1 Nc7 21. exd6 exd6 22. Qxb6 Bxd5 23. Qxd6 Bxc4 24. Qxd8 Rbxd8 25. Bxc7 Rxd1 26. Rxd1 Re8 27. Rd8 Rxd8 28. Bxd8 Bb3 29.
a5 Kf8 30. Bb6 c4 31. Bd4 f6 32. Bc5+ Kf7 33. Nd4 Ba4 34. f3 h5 35. f4 h4 36. Kf2 Bh6 37. Bd6 Ke8 38. Kf3 Bd1+ 39. Ke4 Kd7 40. Kd5 g5 41. Nf5 g4 42. Nxh6 Bf3+ 43.
gxf3 g3 44. Bc5 1-0

[Event "Late-Titled-Tuesday-Blitz-June-18-2024"]
[Site "Chess.com"]
[Date "2024.06.18"]
[Round "1"]
[White "Slovineanu"]
[Black "randy296"]
[Result "1-0"]
[WhiteElo "2558"]
[BlackElo "2076"]
[TimeControl "180+1"]
[EndTime "14:07:04 PDT"]
[Termination "Slovineanu won by resignation"]

1. d4 Nf6 2. Nf3 g6 3. Nbd2 Bg7 4. e4 d6 5. Bb5+ c6 6. Bd3 O-O 7. O-O Nbd7 8. a4 Qc7 9. b4 e5 10. dxe5 Nxe5 11. Nxe5 dxe5 12. Nf3 Bg4 13. a5 Rad8 14. h3 Bc8 15. Qe2 Rfe8 16. Be3 b6 17. Rfe1 c5 18. axb6 axb6 19. b5 Bb7 20. Nd2 Ra8 21. Bg5 Rxa1 22. Rxa1 Ra8 23. Rxa8+ Bxa8 24. Bxf6 Bxf6 25. Bc4 Qd6 26.
Qd3 Qd4 27. c3 Qxd3 28. Bxd3 Be7 29. Nc4 f5 30. Nxb6 Bxe4 31. Bxe4 fxe4 32. Nd7 Bd6 33. b6 Kf7 34. b7 Ke6 35. b8=Q Bxb8 36. Nxb8 Kd5 37.
Kf1 Kc4 38. Nd7 e3 39. fxe3 Kd3 40. Nxc5+ Kxe3 41. Na4 Kd3 42. Ke1 g5 43. g4 h6 44.
Kd1 e4 45. Ke1 e3 46. Kd1 e2+ 47. Ke1 Ke3 48. c4 Kd4 49. c5 1-0

[Event "Late-Titled-Tuesday-Blitz-June-18-2024"]
[Site "Chess.com"]
[Date "2024.06.18"]
[Round "1"]
[White "Kiborg95"]
[Black "AlexanderMatlak"]
[Result "1-0"]
[WhiteElo "2878"]
[BlackElo "2482"]
[TimeControl "180+1"]
[EndTime "14:07:05 PDT"]
[Termination "Kiborg95 won on time"]

1. e4 c5 2. Nc3 Nc6 3. f4 e6 4. Nf3 Nf6 5. Bb5 Nd4 6. e5 Nxb5 7. Nxb5 Nd5 8. d4 a6 9. Nc3 Nxc3 10. bxc3 Be7 11.
Be3 Qc7 12. O-O O-O 13. a4 b6 14. Nd2 Bb7 15. Qe2 cxd4 16. Bxd4 Rac8 17. Rfb1 Bc5 18. Rb2 d6 19. Qf2 dxe5 20. fxe5 Bd5 21. Rab1 Bxd4 22. cxd4 b5 23. axb5 axb5 24. Nf1 f6 25. exf6 Rxf6 26.
Qd2 Rcf8 27. Ne3 Be4 28. Rxb5 Rf2 29. Qxf2 Rxf2 30. Kxf2 Qf4+ 31. Ke2 h6 32. Re5 Bg6 33. Rxe6 Bh5+ 34. Kd3 Qxh2 35. Rb5 Bf7 36. Re7 Bg6+ 37. Kc3 Qd6 38. Rbb7 Qc6+ 39. Kd2 Qf6 40. Rxg7+ Kh8 41.
Rge7 Qxd4+ 42. Ke1 Qh4+ 43. Kf1 Qf4+ 44. Kg1 1-0

[Event "Late-Titled-Tuesday-Blitz-June-18-2024"]
[Site "Chess.com"]
[Date "2024.06.18"]
[Round "1"]
[White "mishanick"]
[Black "harshu27"]
[Result "1-0"]
[WhiteElo "3135"]
[BlackElo "2533"]
[TimeControl "180+1"]
[EndTime "14:07:07 PDT"]
[Termination "mishanick won by checkmate"]

1. d4 Nf6 2. c4 e6 3. Nc3 Bb4 4. Qc2 O-O 5. e4 d5 6. e5 Ne4 7. Bd3 c5 8. Nf3 cxd4 9. Nxd4 Nd7 10. Bf4 Qh4 11. g3 Qh3 12. O-O-O Ndc5 13. Nxe4 dxe4 14. Bf1 Qg4 15. Be2 Qg6 16. a3 a5 17.
axb4 axb4 18. Nb3 b6 19. Nxc5 bxc5 20. b3 f6 21. Kb2 fxe5 22. Be3 Bb7 23. Rd7 Ra3 24.
Rxb7 Rfa8 25. Qb1 Qe8 26. Rb5 Qd7 27. Rc1 Qa7 28. Kc2 Qd7 29. Qb2 Ra2 30. Rb8+ Kf7 31. Rxa8 Rxa8 32. Qxe5 Ra2+ 33. Kb1 Qa7 34. Bg4 Qa3 35.
Qxe6+ Kf8 36. Bxc5# 1-0

[Event "Late-Titled-Tuesday-Blitz-June-18-2024"]
[Site "Chess.com"]
[Date "2024.06.18"]
[Round "1"]
[White "BerlinDrawer"]
[Black "CarlMagnuson"]
[Result "1-0"]
[WhiteElo "2567"]
[BlackElo "2142"]
[TimeControl "180+1"]
[EndTime "14:07:07 PDT"]
[Termination "BerlinDrawer won by resignation"]

1. d4 d5 2. c4 e6 3. Nf3 Nf6 4. g3 Be7 5. Bg2 O-O 6. O-O c5 7. cxd5 exd5 8. Nc3 cxd4 9. Nxd4 Nc6 10. Be3 Be6 11. Rc1 Qd7 12. Nxc6 bxc6 13. Na4 Rab8 14. Bc5 Bd6 15. Qd4 Rfd8 16. b3 Qc7 17. Rfe1 Be5 18. Qd2 h6 19. Bd4 Ne4 20. Bxe5 Qxe5 21. Qe3 Qg5 22. Qxg5 Nxg5 23. Rxc6 Bd7 24. Ra6 Bb5 25.
Rxa7 d4 26. Nc5 Ne6 27. Nxe6 fxe6 28. Be4 Rbc8 29. Bd3 Bc6 30. f3 Bd5 31. Rd1 Ra8 32. Rxa8 Rxa8 33. Rd2 Ra3 34. Kf2 Kf8 35. Rc2 Ke7 36. e3 dxe3+ 37. Kxe3 Kd6 38. Be4 g5 39. Rd2 Ke5 40. f4+ gxf4+ 41. gxf4+ Kd6 42. f5 Ke5 43. Bxd5 exd5 44. Rf2 Ra7 45. f6 Rf7 46. Kd3 d4 47. b4 Kd5 48. a4 Ke5 49. b5 Rxf6 50. Rxf6 Kxf6 51. Kxd4 Ke7 52. b6 Kd7 53. Kc5 1-0

[Event "Late-Titled-Tuesday-Blitz-June-18-2024"]
[Site "Chess.com"]
[Date "2024.06.18"]
[Round "1"]
[White "Andrey-Ivanov2011"]
[Black "pooh2012"]
[Result "0-1"]
[WhiteElo "2105"]
[BlackElo "2563"]
[TimeControl "180+1"]
[EndTime "14:07:07 PDT"]
[Termination "pooh2012 won by resignation"]

1. e4 e6 2. d4 d5 3. Nd2 a6 4.
Ngf3 Nf6 5. e5 Nfd7 6. c3 c5 7. Bd3 Nc6 8. O-O Be7 9. Bc2 b5 10. a4 b4 11. cxb4 Nxb4 12. Nb3 Nxc2 13. Qxc2 cxd4 14.
Nbxd4 Bb7 15. Be3 Rc8 16. Qd3 O-O 17. Rac1 Nc5 18. Qd1 Qd7 19. b3 a5 20. h3 Ba6 21.
Nb5 Bxb5 22. axb5 Qxb5 23. Nd4 Qb7 24. Qg4 Kh8 25. Ra1 Ra8 26. f4 Nxb3 27. f5 Nxd4 28.
Bxd4 exf5 29. Rxf5 Qb4 30. Raf1 Bc5 31. Bxc5 Qxc5+ 32.
Kh2 Qe7 33. Qa4 Qc7 34. Rd1 Rad8 35. Qd4 Kg8 36. Rf3 Rfe8 37. Re3 f6 38. Kg1 Rxe5 39. Rc3 Qe7 40. Qd2 d4 41. Rd3 Re4 42. Qxa5 g6 43. Qa2+ Kg7 44. Ra3 Re1+ 45. Rxe1 Qxe1+ 46. Kh2 Qe5+ 47. Kg1 d3 48. Qd2 Qc5+ 49. Kh2 Qxa3 50. Qe3 Qd6+ 51. Kg1 d2 0-1

[Event "Late-Titled-Tuesday-Blitz-June-18-2024"]
[Site "Chess.com"]
[Date "2024.06.18"]
[Round "1"]
[White "AlexeiShirov"]
[Black "King_Deded4d5"]
[Result "1-0"]
[WhiteElo "2853"]
[BlackElo "2478"]
[TimeControl "180+1"]
[EndTime "14:07:08 PDT"]
[Termination "AlexeiShirov won by resignation"]

1. e4 e6 2. d4 d5 3. e5 c5 4.
c3 Nc6 5. Nf3 Qb6 6. a3 c4 7.
Nbd2 Na5 8. Rb1 Bd7 9. b4 cxb3 10. Nxb3 Ba4 11. Nxa5 Bxd1 12. Rxb6 axb6 13. Bb5+ Ke7 14. a4 f6 15. Kxd1 bxa5 16. h4 Kf7 17. h5 Nh6 18. Ke2 Be7 19. Bd2 Ng4 20. Rh4 f5 21. Ng5+ Bxg5 22. Bxg5 Rac8 23. f3 Nh6 24. Kd3 Rc7 25.
g4 Rhc8 26. Bd2 Ng8 27. gxf5 exf5 28. Rh1 Ne7 29. Rc1 Nc6 30. c4 b6 31. cxd5 Nxe5+ 32. dxe5 Rxc1 33. d6 Ke6 34. d7 Kxe5 35. Bxc1 1-0

[Event "Late-Titled-Tuesday-Blitz-June-18-2024"]
[Site "Chess.com"]
[Date "2024.06.18"]
[Round "1"]
[White "AlbusSevresPotter"]
[Black "teresin05"]
[Result "1-0"]
[WhiteElo "2623"]
[BlackElo "2291"]
[TimeControl "180+1"]
[EndTime "14:07:08 PDT"]
[Termination "AlbusSevresPotter won by checkmate"]

1. e4 c5 2. Nf3 Nc6 3. d4 cxd4 4. Nxd4 Nf6 5. Nc3 d6 6. Bg5 Bd7 7. Qd2 a6 8. f3 e6 9. O-O-O Be7 10. h4 h6 11. Be3 h5 12. Bg5 b5 13. Nxc6 Bxc6 14. Ne2 Rc8 15. Nd4 Bb7 16. Kb1 Qc7 17. Be2 d5 18. e5 Nd7 19. Bxe7 Kxe7 20. Qg5+ Kf8 21. f4 g6 22. g4 hxg4 23. h5 Qd8 24. Qxg4 gxh5 25.
Rxh5 Rxh5 26. Qxh5 Ke7 27. Qh4+ Kf8 28. Qh6+ Ke7 29. Rg1 Qh8 30. Qg5+ Ke8 31. Nxe6 Qh7 32. Bd3 Qh8 33. Ng7+ Kf8 34. Nf5 Re8 35. Nd6 Bc6 36.
Nxe8 Kxe8 37. e6 Kf8 38. Qd8# 1-0

[Event "Late-Titled-Tuesday-Blitz-June-18-2024"]
[Site "Chess.com"]
[Date "2024.06.18"]
[Round "1"]
[White "traviscottofficial"]
[Black "YouShallNotPass001"]
[Result "1-0"]
[WhiteElo "2784"]
[BlackElo "2439"]
[TimeControl "180+1"]
[EndTime "14:07:09 PDT"]
[Termination "traviscottofficial won by resignation"]

1. a3 Nf6 2. c4 e6 3. Nc3 d5 4. e3 Be7 5. Nf3 Kf8 6. Be2 h5 7. b3 h4 8. h3 b6 9. Bb2 Bb7 10. Rc1 Nbd7 11. O-O Rg8 12. Nxh4 dxc4 13. bxc4 g5 14.
Nf3 g4 15. hxg4 Rxg4 16. d4 Bd6 17. Ne1 Rg7 18. Bf3 Bxf3 19. Qxf3 Ke7 20. g3 Qh8 21.
Ne2 Rag8 22. Qg2 Nh5 23. d5 Be5 24. Bxe5 Nxe5 25. c5 b5 26. d6+ cxd6 27. cxd6+ Kxd6 28. Nf3 Ng4 29. Rfd1+ Ke7 30. Rc7+ Kf6 31. Nh4 Nxg3 32. fxg3 Qxh4 33. Qf3+ Kg6 34. gxh4 Kh7 35. Rxf7 Ne5+ 36. Rxg7+ Rxg7+ 37. Qg3 1-0

[Event "Late-Titled-Tuesday-Blitz-June-18-2024"]
[Site "Chess.com"]
[Date "2024.06.18"]
[Round "1"]
[White "JoakimVonAnd"]
[Black "StoreySniper"]
[Result "1-0"]
[WhiteElo "2746"]
[BlackElo "2412"]
[TimeControl "180+1"]
[EndTime "14:07:10 PDT"]
[Termination "JoakimVonAnd won on time"]

1. d4 g6 2. Nf3 Bg7 3. g3 c5 4.
dxc5 Na6 5. Bg2 Nxc5 6. O-O b6 7.
c3 Bb7 8. Re1 Nf6 9. Nbd2 d5 10.
Ne5 O-O 11. Ndf3 Nfe4 12. Nd3 Rc8 13. Be3 Nd7 14. Nd2 Nd6 15. a4 a5 16. Nf4 e6 17. h4 Nf5 18. Nf1 Nxe3 19. Nxe3 h5 20. Nc2 Nf6 21. Nd4 e5 22. Nde6 fxe6 23. Nxe6 Qd6 24. Nxf8 Bxf8 25. Qb3 Qe6 26. Rad1 Bc5 27. e4 Ng4 28. Re2 Qf7 29. Rdd2 dxe4 30. Qxf7+ Kxf7 31.
Rd7+ Ke6 32. Rxb7 Rf8 33. Bh3 Kd5 34. Bxg4 hxg4 35. Kg2 e3 36. fxe3 Ke4 37. b4 Kd3 38. Ra2 Bxe3 39. Rd7+ Ke4 40. Re2 1-0

[Event "Late-Titled-Tuesday-Blitz-June-18-2024"]
[Site "Chess.com"]
[Date "2024.06.18"]
[Round "1"]
[White "Cuchulin"]
[Black "Chigorinetz"]
[Result "0-1"]
[WhiteElo "2259"]
[BlackElo "2611"]
[TimeControl "180+1"]
[EndTime "14:07:10 PDT"]
[Termination "Chigorinetz won on time"]

1. d4 d5 2. Bf4 Bg4 3. h3 Bh5 4. Nf3 Nc6 5. e3 e6 6. Be2 Bd6 7. Ne5 Bxe2 8. Qxe2 Nge7 9. Nd2 O-O 10. O-O Bxe5 11. Bxe5 Nxe5 12. dxe5 c5 13. c4 Qc7 14.
f4 Rad8 15. Rfd1 b5 16. b3 bxc4 17. bxc4 d4 18. exd4 Rxd4 19. Ne4 Rfd8 20. Rxd4 Rxd4 21. Rd1 Nf5 22. Rxd4 Nxd4 23. Qb2 h6 24. Nd6 Kf8 25.
Qb7 Qxb7 26. Nxb7 Ne2+ 27. Kf2 Nxf4 28. Nxc5 Ke7 29. Ne4 Nd3+ 30. Ke3 Nxe5 31. Kd4 f6 32. Kc5 f5 33. Nc3 g5 34. a4 Kd7 35. a5 h5 36. a6 h4 37. Nb5 Nc6 38. Nd6 Nb8 39. Nf7 Nxa6+ 40. Kd4 g4 41. hxg4 fxg4 42. Ne5+ Kd6 43.
Nxg4 Nc5 44. Nh2 e5+ 45. Ke3 a5 46. Nf3 a4 0-1

[Event "Late-Titled-Tuesday-Blitz-June-18-2024"]
[Site "Chess.com"]
[Date "2024.06.18"]
[Round "1"]
[White "esskeettit"]
[Black "GM_dmitrij"]
[Result "0-1"]
[WhiteElo "2519"]
[BlackElo "3059"]
[TimeControl "180+1"]
[EndTime "14:07:12 PDT"]
[Termination "GM_dmitrij won by resignation"]

1. d4 Nf6 2. c4 e6 3. Nc3 Bb4 4. Qc2 b6 5. e4 c5 6. d5 Qe7 7. Ne2 exd5 8. exd5 O-O 9. Bg5 d6 10. f3 Re8 11. O-O-O Nbd7 12. a3 Ba5 13. Qa4 Bxc3 14. Nxc3 h6 15. Bf4 Ne5 16. Be2 a6 17. Rhe1 b5 18. cxb5 Bd7 19. Qc2 axb5 20. Bxb5 Bxb5 21. Nxb5 Qd7 22. a4 c4 23. Bxe5 dxe5 24. d6 Ra5 25. Qxc4 Rc8 26. Nc7 Rxa4 27. Qb3 Ra5 28. Kb1 Qf5+ 29.
Qc2 Ra1+ 30. Kxa1 Qxc2 31. d7 Nxd7 32. Rxd7 Rxc7 33. Rxc7 Qxc7 0-1

[Event "Late-Titled-Tuesday-Blitz-June-18-2024"]
[Site "Chess.com"]
[Date "2024.06.18"]
[Round "1"]
[White "KChor05"]
[Black "larsmandreassen"]
[Result "1-0"]
[WhiteElo "2605"]
[BlackElo "2226"]
[TimeControl "180+1"]
[EndTime "14:07:12 PDT"]
[Termination "KChor05 won on time"]

1. e4 d5 2. exd5 Nf6 3. c4 e6 4.
dxe6 Bxe6 5. Nf3 Qe7 6. Qe2 Nc6 7. Nc3 Nb4 8. d4 Bf5 9. Qxe7+ Bxe7 10. Kd1 O-O-O 11.
Be3 Ng4 12. Kd2 Bf6 13. h3 Nxe3 14. fxe3 Rhe8 15. Rc1 c5 16. d5 b5 17. a3 Bxc3+ 18. Rxc3 Na2 19. Rb3 bxc4 20. Bxc4 Be4 21. Ba6+ Kc7 22.
Rb7+ Kd6 23. Rxf7 Bxd5 24. Rxg7 Kc6 25. Bb7+ Kb6 26. Bxd5 Rxd5+ 27. Ke2 c4 28. Ra1 c3 29. Rxa2 c2 30. Ra1 Rxe3+ 31. Kxe3 Rd1 32. Nd4 1-0

[Event "Late-Titled-Tuesday-Blitz-June-18-2024"]
[Site "Chess.com"]
[Date "2024.06.18"]
[Round "1"]
[White "jcibarra"]
[Black "DanylaBagrov"]
[Result "1-0"]
[WhiteElo "3005"]
[BlackElo "2511"]
[TimeControl "180+1"]
[EndTime "14:07:13 PDT"]
[Termination "jcibarra won on time"]

1. e4 d6 2. d4 Nf6 3. Nc3 e5 4. Nf3 Nbd7 5. Bc4 Be7 6. a4 O-O 7. O-O exd4 8. Qxd4 Nb6 9. Bb3 c5 10. Qd3 Bg4 11. a5 Nbd7 12. h3 Be6 13. Bxe6 fxe6 14.
Qc4 d5 15. exd5 exd5 16. Nxd5 Kh8 17. Nf4 Qc8 18. Ne6 Re8 19. Neg5 h6 20. Nf7+ Kh7 21.
Qd3+ Kg8 22. Nxh6+ gxh6 23. Qg6+ Kh8 24. Bxh6 Rg8 25.
Qf5 Nf8 26. Qe5 Qxh3 27. Ng5 Qd7 28. Rad1 Qe8 29. Rfe1 Ng6 30. Qh2 Ng4 31. Qh3 Nf4 32. Qxg4 Qg6 33. Rxe7 1-0

[Event "Late-Titled-Tuesday-Blitz-June-18-2024"]
[Site "Chess.com"]
[Date "2024.06.18"]
[Round "1"]
[White "Alex_Sahakyan2006"]
[Black "maracayo"]
[Result "0-1"]
[WhiteElo "2735"]
[BlackElo "2433"]
[TimeControl "180+1"]
[EndTime "14:07:13 PDT"]
[Termination "maracayo won by resignation"]

1. e4 d6 2. d4 Nf6 3. Nc3 c6 4. Nf3 Qa5 5. Bd3 e5 6. O-O Be7 7. Bd2 Qc7 8. h3 O-O 9. dxe5 dxe5 10. Bc4 b5 11. Bb3 Nbd7 12. Be3 a6 13. a3 Bb7 14. Qe2 Nc5 15. Bxc5 Bxc5 16. Rad1 Rad8 17. Rxd8 Rxd8 18. Ng5 Rf8 19. Rd1 h6 20. Nf3 Re8 21. Qd3 Qb6 22. Qe2 Bd4 23. g4 c5 24. Nd5 Bxd5 25. Bxd5 Bxb2 26. c4 Bd4 27. Kg2 Nxd5 28. cxd5 a5 29. Nh4 g6 30. Nf3 b4 31. a4 Rd8 32. Nd2 Qf6 33. Nc4 Qa6 34. Rc1 b3 35.
Qd3 Rb8 36. Rb1 b2 37. Kf3 Rb4 38. Nxe5 Qf6+ 39. Kg2 Qxf2+ 40. Kh1 Bxe5 0-1

[Event "Late-Titled-Tuesday-Blitz-June-18-2024"]
[Site "Chess.com"]
[Date "2024.06.18"]
[Round "1"]
[White "Rashad_Zeynalli"]
[Black "Zampronha1971"]
[Result "1-0"]
[WhiteElo "2735"]
[BlackElo "2408"]
[TimeControl "180+1"]
[EndTime "14:07:13 PDT"]
[Termination "Rashad_Zeynalli won on time"]

1. d4 Nf6 2. Bf4 e6 3. e3 c5 4. Nf3 d5 5. Nbd2 Nc6 6. c3 Bd6 7. Bg3 O-O 8. Bd3 Qe7 9. Ne5 Nd7 10. Nxd7 Qxd7 11. Bxd6 Qxd6 12. f4 Ne7 13. O-O b6 14. Qh5 Nf5 15. Rae1 g6 16. Qh3 cxd4 17. exd4 Bd7 18.
Nf3 f6 19. Nh4 Nxh4 20. Qxh4 Rae8 21. Re3 Re7 22. Rg3 Rg7 23. Qh6 f5 24. Re3 b5 25.
a3 a5 26. Ra1 b4 27. axb4 axb4 28. Bf1 bxc3 29. Rxc3 Qb4 30. Rc7 Qxd4+ 31. Kh1 Qxb2 32. Raa7 Qf2 33. Ra1 Qd4 34. Raa7 Qf2 35. Ra1 Qd4 36. Rb1 Rd8 37. Qh4 Re8 38. Rbb7 Ree7 39. h3 Rgf7 40. Bb5 Bxb5 41. Rxe7 Qd1+ 42. Kh2 1-0

[Event "Late-Titled-Tuesday-Blitz-June-18-2024"]
[Site "Chess.com"]
[Date "2024.06.18"]
[Round "1"]
[White "Stanbad1"]
[Black "mostafa_sakha"]
[Result "1/2-1/2"]
[WhiteElo "2710"]
[BlackElo "2402"]
[TimeControl "180+1"]
[EndTime "14:07:13 PDT"]
[Termination "Game drawn - insufficient material"]

1. d4 Nf6 2. Nc3 d5 3. Bf4 c5 4.
e4 cxd4 5. Qxd4 Nc6 6. Bb5 Bd7 7. Bxc6 bxc6 8. exd5 cxd5 9. Nxd5 Nxd5 10. Qxd5 e6 11. Qd2 Qb6 12. O-O-O Bc6 13. Nf3 Be7 14. Qc3 O-O 15. Ne5 Bf6 16. Qxc6 Bxe5 17. Qxb6 Bxf4+ 18. Qe3 Bxe3+ 19. fxe3 g5 20. Rd7 Kg7 21. e4 Kg6 22. Rf1 f5 23. exf5+ exf5 24. Re1 f4 25. Ree7 h6 26.
Rd6+ Rf6 27. Rd3 g4 28. Kd1 a6 29. Ke2 h5 30. Kf2 h4 31. h3 gxh3 32. Rxh3 Rh8 33.
Ra3 Rhf8 34. Kf3 Rc8 35. c3 Rd8 36. Ra4 Rd3+ 37. Kf2 Rd2+ 38. Kf3 Rxb2 39. Ra7 Rc2 40. R7xa6 Rxc3+ 41. Kg4 Rg3+ 42. Kxh4 Rxg2 43. Rxf6+ Kxf6 44.
Rxf4+ Ke5 45. Ra4 Kd5 46. Kh3 Rg8 47. Ra7 Kc5 48. a4 Kb6 49. Re7 Ka5 50. Re4 Rb8 51.
Kg3 Rb4 52. Re7 Rxa4 53. Kf3 Rb4 54. Ke3 Rb6 55. Kd4 Rc6 56. Kd5 Rc1 57. Re2 Kb6 58. Rb2+ Kc7 59. Rh2 Kb6 60. Rh8 Kb7 61. Rh3 Kb6 62.
Rb3+ Kc7 63. Ke6 Kc6 64. Rb8 Kc7 65. Rb2 Kc6 66. Rh2 Kc7 67. Rh8 Re1+ 68. Kd5 Rd1+ 69. Kc5 Rc1+ 70. Kd5 Rd1+ 71. Ke5 Re1+ 72. Kd4 Rd1+ 73.
Kc4 Rc1+ 74. Kb5 Rb1+ 75. Kc4 Rc1+ 76. Kd3 Rd1+ 77. Kc2 Rd8 78. Rxd8 Kxd8 1/2-1/2

[Event "Late-Titled-Tuesday-Blitz-June-18-2024"]
[Site "Chess.com"]
[Date "2024.06.18"]
[Round "1"]
[White "noblerone"]
[Black "Renatoforf"]
[Result "1/2-1/2"]
[WhiteElo "2556"]
[BlackElo "2119"]
[TimeControl "180+1"]
[EndTime "14:07:14 PDT"]
[Termination "Game drawn by repetition"]

1. d4 Nf6 2. c4 e6 3. Nc3 Nc6 4. Nf3 Bb4 5. Bg5 h6 6. Bxf6 Qxf6 7. e3 O-O 8. Be2 Bxc3+ 9. bxc3 d6 10. O-O e5 11.
Rb1 b6 12. h3 Bf5 13. Rb2 Na5 14. Qa4 c5 15. Rd1 Qe7 16. Rbd2 Bd7 17. Qa3 Bc6 18. Ne1 Rad8 19. Bf3 e4 20. Be2 f5 21. dxc5 dxc5 22. Rxd8 Rxd8 23. Qc1 Rxd1 24. Qxd1 Qd7 25. Qc1 Ba4 26.
g3 Qd6 27. Ng2 g6 28. Nf4 Bc6 29. h4 Kg7 30. Bf1 Be8 31. Be2 Bf7 32. Qa3 Bxc4 33.
Bxc4 Nxc4 34. Qxa7+ Kf6 35. Qh7 Ne5 36. Qh8+ Kf7 37.
Qh7+ Kf6 38. Qh8+ Kf7 39. Kg2 Qf6 40. Qc8 Kg7 41. Qb7+ Nf7 42. Qc7 Qd6 43. Qb7 h5 44. Nh3 Kf6 45. Nf4 Kg7 46. Nh3 Kf6 47. Nf4 Kg7 1/2-1/2

[Event "Late-Titled-Tuesday-Blitz-June-18-2024"]
[Site "Chess.com"]
[Date "2024.06.18"]
[Round "1"]
[White "ChristopherYoo"]
[Black "guillembaches"]
[Result "1-0"]
[WhiteElo "3001"]
[BlackElo "2507"]
[TimeControl "180+1"]
[EndTime "14:07:15 PDT"]
[Termination "ChristopherYoo won on time"]

1. e4 d5 2. exd5 Qxd5 3. Nc3 Qa5 4. d4 Nf6 5. Bd2 Bg4 6. f3 Bd7 7. Bc4 Qb6 8. Nge2 e6 9. O-O Be7 10. Be3 O-O 11. Qd2 c5 12. d5 exd5 13. Nxd5 Nxd5 14.
Bxd5 Nc6 15. Nc3 Rad8 16. Bb3 Be6 17. Qf2 Nd4 18. Bxe6 Nxe6 19. Rab1 Bf6 20. Ne4 Bd4 21. c3 Bxe3 22. Qxe3 Rfe8 23. Qf2 f5 24. Ng3 g6 25. Rfd1 c4 26. Qxb6 axb6 27. Ne2 Rd3 28. Kf2 Red8 29. Ke1 Kf7 30. b3 cxb3 31. axb3 Kf6 32.
Rxd3 Rxd3 33. Ra1 Nc5 34. b4 Ne6 35. Ra8 Rd7 36. h4 Re7 37. Kf2 Nc7 38. Rd8 Nb5 39. c4 Na3 40. Nf4 Kg7 41. Nd5 Re6 42. Rd7+ Kh6 43. g4 fxg4 44. fxg4 Nxc4 45. g5+ Kh5 46. Nf4+ Kg4 47. Nxe6 1-0

[Event "Late-Titled-Tuesday-Blitz-June-18-2024"]
[Site "Chess.com"]
[Date "2024.06.18"]
[Round "1"]
[White "Redzishchess"]
[Black "MarcoRiehle"]
[Result "0-1"]
[WhiteElo "2458"]
[BlackElo "2811"]
[TimeControl "180+1"]
[EndTime "14:07:16 PDT"]
[Termination "MarcoRiehle won by resignation"]

1. d4 d5 2. c4 e6 3. Nf3 Nf6 4. g3 dxc4 5. Bg2 c5 6. Ne5 Qxd4 7. Qxd4 cxd4 8. Nxc4 Nd5 9. O-O b5 10. Na5 Bc5 11.
Rd1 Bb6 12. Nb3 Nc6 13. Na3 a6 14. Nc2 O-O 15. Ncxd4 Nxd4 16. Nxd4 Bb7 17. Bf4 Rac8 18. Nf5 exf5 19. Bxd5 Bc6 20. Rac1 Bxd5 21. Rxd5 Rxc1+ 22. Bxc1 g6 23. Rd6 Rb8 24. Bf4 Rb7 25. Kg2 Kf8 26. Be3 Bxe3 27. fxe3 Ra7 28. Rb6 Ke7 29. Kf3 Kd7 30. Kf4 Ke7 31. e4 fxe4 32. Kxe4 f6 33. Kf4 Kf7 34. e4 Kg7 35. h4 Kf7 36. g4 h6 37. g5 fxg5+ 38. hxg5 h5 39. e5 Kg7 40. e6 h4 41. Rd6 Kf8 42. Ke5 Ke7 43. Rd4 Rc7 44.
Rxh4 Rc5+ 45. Kd4 Rc4+ 0-1

[Event "Late-Titled-Tuesday-Blitz-June-18-2024"]
[Site "Chess.com"]
[Date "2024.06.18"]
[Round "1"]
[White "Andrei_Skvortsov"]
[Black "Kombinator01"]
[Result "1-0"]
[WhiteElo "2770"]
[BlackElo "2434"]
[TimeControl "180+1"]
[EndTime "14:07:16 PDT"]
[Termination "Andrei_Skvortsov won by resignation"]

1. e4 e5 2. d4 exd4 3. Qxd4 Nc6 4. Qd3 Nf6 5. Nc3 Bb4 6. Bd2 d6 7. O-O-O O-O 8. Nge2 Be6 9. Bg5 h6 10. Bh4 Ne5 11. Qe3 Ng6 12. Bxf6 Qxf6 13. f4 Bg4 14. g3 Bxc3 15. bxc3 a5 16. h3 Bxe2 17.
Bxe2 Rfe8 18. Bf3 Qe6 19. Kb2 Ra6 20. Rd3 Rb6+ 21. Ka1 Qc4 22. Rb1 Rxb1+ 23. Kxb1 f5 24. e5 Qb5+ 25. Ka1 dxe5 26. c4 Qa4 27. Bd5+ Kh8 28.
Bf7 Rf8 29. Bxg6 exf4 30. gxf4 Qxc4 31. Kb2 Qb4+ 32. Rb3 Qd6 33. Bh5 Qf6+ 34. Qc3 Qh4 35. Qf3 Qf6+ 36. Qc3 Qh4 37. Bf3 Qxf4 38. Bxb7 Qd6 39.
Qxa5 f4 40. Bf3 Qf6+ 41. Qc3 Qf5 42. h4 Qh3 43. h5 Qf5 44. Qxc7 Qf6+ 45. Qc3 Qg5 46.
Rb7 Qg3 47. a4 Ra8 48. a5 Qg5 49. a6 Rxa6 50. Qc8+ Kh7 51. Be4+ 1-0

[Event "Late-Titled-Tuesday-Blitz-June-18-2024"]
[Site "Chess.com"]
[Date "2024.06.18"]
[Round "1"]
[White "drragnar1"]
[Black "Lupul_Cenusiu"]
[Result "1-0"]
[WhiteElo "2394"]
[BlackElo "2683"]
[TimeControl "180+1"]
[EndTime "14:07:16 PDT"]
[Termination "drragnar1 won by resignation"]

1. Nf3 Nf6 2. c4 g6 3. g3 Bg7 4. Bg2 c5 5. O-O O-O 6. Nc3 Nc6 7.
Rb1 d6 8. d3 e5 9. a3 a5 10. Ne1 Be6 11. Nc2 d5 12. cxd5 Nxd5 13. Ne3 Nc7 14. Ne4 Qe7 15. Nc4 Rad8 16. Qe1 b5 17.
Nxa5 Nd4 18. Be3 Nd5 19. Bxd4 exd4 20. Nc6 Qc7 21. Nxd8 Rxd8 22. Rc1 c4 23. Ng5 Bf5 24. dxc4 bxc4 25. Bxd5 Rxd5 26. Qb4 Rc5 27. Nf3 Be4 28.
Rfd1 d3 29. Rxd3 Bxd3 30. exd3 c3 31. bxc3 Bxc3 32. Qf4 Qc6 33. Ng5 f6 34. Ne4 Be5 35. Rxc5 1-0

[Event "Late-Titled-Tuesday-Blitz-June-18-2024"]
[Site "Chess.com"]
[Date "2024.06.18"]
[Round "1"]
[White "Roland_Garros_2024"]
[Black "ArmanGhevondyanchess"]
[Result "0-1"]
[WhiteElo "2207"]
[BlackElo "2596"]
[TimeControl "180+1"]
[EndTime "14:07:16 PDT"]
[Termination "ArmanGhevondyanchess won on time"]

1. e4 c5 2. Nf3 Nc6 3. d4 cxd4 4. Nxd4 g6 5. c4 Bg7 6. Be3 Nf6 7. Nc3 O-O 8. Be2 d6 9. O-O Bd7 10. Qd2 Rc8 11.
b3 Nxd4 12. Bxd4 a6 13. f3 Bc6 14. Rfd1 Nd7 15. Bf2 Nc5 16. Rab1 a5 17. Re1 Qb6 18.
Bd1 Qb4 19. Rc1 Rfd8 20. Qc2 h5 21. Nd5 Bxd5 22. exd5 e6 23. dxe6 Nxe6 24. Rxe6 fxe6 25.
Qxg6 Re8 26. Bc2 Qd2 27. Qh7+ Kf8 28. Rd1 Qh6 29. Qe4 d5 30. cxd5 exd5 31. Qf5+ Qf6 32. Qd3 Rcd8 33. Bc5+ Kf7 34. Qh7 Qg5 35. Bd4 Re2 36.
Bxg7 Qxg7 37. Qxh5+ Kg8 0-1